AoeStats
← tavoo

Hideout

507844953Analyzed
1v1 RM · 14d ago on Sep 19, 2026· 31m 3s· 2 players
Game mode
Random Map
Map size
Tiny (2 player)
Population
200
Speed
Normal
Resources
Standard
Victory
Conquest
Starting age
Dark Age
Ending age
Imperial Age
RankedLock teamsTeams togetherTeam positionsShared explorationLock speedFull tech treeHidden civsTurbo modeCheats
Victory
Defeat
🇫🇷 Ethiopians · France
1417
+15
🇲🇽 Persians · Mexico
1386
-15
tavoo
9:27 Feudal Age
11:16 Loom
14:48 Castle Age
14:25 Fletching
15:31 Double-Bit Axe
15:38 Crossbowman
20:26 Bodkin Arrow
20:49 Padded Archer Armor
27:16 Bow Saw
29:26 Ballistics
29:59 Wheelbarrow
coco le bonobo
9:16 Feudal Age
12:45 Castle Age
10:48 Double-Bit Axe
11:20 Horse Collar
18:56 Gold Mining
19:51 Scale Mail Armor
24:05 Loom
28:14 Wheelbarrow
29:05 Chain Mail Armor
29:02 Squires
29:47 Forging
30:30 Hand Cart
30:28 Town Watch
34:10 Imperial Age
Connection lost

Rejoining the realm…

Still unreachable

The connection could not be restored.

Session expired

The server has moved on; the page needs a fresh start.